 Seeded DCSS version 0.29-a0-323-g050149af67 (webtiles) character file.

Game seed: 15462250948581395643 (custom seed)

5 ImHallYall the Sneak (level 1, 0/14 HPs)
             Began as a Demigod Enchanter on Apr 11, 2022.
             Slain by a goblin
             ... wielding a +0 dagger
              (4 damage)
             ... on level 1 of the Dungeon.
             The game lasted 00:00:58 (424 turns).

ImHallYall the Sneak (Demigod Enchanter)             Turns: 424, Time: 00:00:59

Health: 0/14       AC:  2    Str:  9    XL:     1   Next: 53%
Magic:  5/5        EV: 12    Int: 17    God:
Gold:   26         SH:  0    Dex: 14    Spells: 3/3 levels left

rFire   . . .      SeeInvis .   a - +1 dagger
rCold   . . .      Faith    .   (no shield)
rNeg    . . .      Spirit   .   b - +0 robe
rPois   .          Reflect  .   (no helmet)
rElec   .          Harm     .   (no cloak)
rCorr   .          Rampage  .   (no gloves)
Will    .....                   (no boots)
Stlth   ++........              (no amulet)
HPRegen 0.04/turn               (no ring)
MPRegen 0.09/turn               (no ring)

@: no status effects
A: high MP 1, forlorn, divine attributes
a: no special abilities


You were on level 1 of the Dungeon.
You visited 1 branch of the dungeon, and saw 1 of its levels.

You collected 26 gold pieces.

Inventory:

Hand Weapons
 a - a +1 dagger (weapon)
Armour
 b - a +0 robe (worn)
Scrolls
 d - a scroll of teleportation {unknown}
Potions
 c - 2 potions of invisibility


   Skills:
 + Level 0.8 Short Blades
 + Level 1.9 Dodging
 + Level 3.0 Stealth
 + Level 1.7 Spellcasting
 + Level 2.6 Hexes


You had 3 spell levels left.
You didn't know any spells.
Your spell library contained the following spells:

 Spells                   Type           Power      Damage    Failure   Level
 Ensorcelled Hibernation  Hex/Ice        12%        N/A       17%         2
 Confusing Touch          Hex            10%        N/A       21%         3
 Tukima's Dance           Hex            10%        N/A       21%         3
 Dazzling Flash           Conj/Hex       12%        N/A       34%         3


Dungeon Overview and Level Annotations

Branches:
Dungeon (1/15)


Innate Abilities, Weirdness & Mutations

You have an increased reservoir of magic. (+10% MP)
You shall have no god before yourself.
Your divine heritage dramatically boosts your attributes as you level up.


Message History

A hobgoblin comes into view.
The hobgoblin shouts!
The goblin shouts!
The goblin closely misses you. The goblin misses you. The hobgoblin hits you.
You barely miss the hobgoblin. The bat hits you.
The hobgoblin closely misses you. The goblin hits you with a +0 dagger.
You hit the hobgoblin but do no damage. The hobgoblin misses you.
The bat barely misses you. The goblin misses you.
You barely miss the hobgoblin. The bat completely misses you.
The bat barely misses you.
The hobgoblin hits you but does no damage.
The goblin barely misses you.
You hit the hobgoblin.
The hobgoblin is severely wounded.
The bat hits you. The hobgoblin barely misses you.
The goblin closely misses you.
You hit the hobgoblin but do no damage.
The hobgoblin is severely wounded.
The bat barely misses you. The hobgoblin barely misses you.
The goblin misses you.
You hit the hobgoblin.
You kill the hobgoblin!
The bat hits you but does no damage. The goblin closely misses you.
Your Stealth skill increases to level 3!
The bat misses you. The goblin hits you with a +0 dagger.
The goblin attacks as you move away! The goblin hits you with a +0 dagger.
* * * LOW HITPOINT WARNING * * *
The bat hits you but does no damage.
There are monsters nearby!
There are monsters nearby!
Unknown command.
There are monsters nearby!
There are monsters nearby!
Unknown command.
Unknown command.
Unknown command.
The bat barely misses you. The goblin closely misses you.
The goblin hits you with a +0 dagger.
You die...

#.##.####.#
#.........#
###...##...>
##.....#.###
##........#
#.........#
+...........
#bg..........
##@.$.....###
##.....#.#
##...##.#
#+##


You could see a goblin and a bat.

Vanquished Creatures
  An endoplasm (D:1)
  2 goblins (D:1)
  A hobgoblin (D:1)
4 creatures vanquished.

Notes
Turn   | Place    | Note
-------+----------+-------------------------------------------
     0 | D:1      | ImHallYall the Demigod Enchanter began the quest for the
                  | Orb.
     0 | D:1      | Reached XP level 1. HP: 14/14 MP: 5/5
   421 | D:1      | Reached skill level 3 in Stealth
   424 | D:1      | Slain by a goblin

Illustrated notes

Levels and vault maps discovered:
D:1:      lemuel_arrival_behind_the_door_large, layout_loops_corners

Skill      XL: |  1 |
---------------+----+-----
Stealth        | 3 |  3.0
Short Blades   | |  0.8
Dodging        | |  1.9
Spellcasting   | |  1.7
Hexes          | |  2.6

Action                   || total
-------------------------++-------
Melee: Dagger            ||    15
 Stab: Sleeping          ||     1
Armor: Robe              ||     3
Dodge: Dodged            ||    21

Table legend: (Time is in decaauts)
 A = Elapsed time spent in this place.
 B = Non-inter-level travel time spent in this place.
 C = Inter-level travel time spent in this place.
 D = Time resting spent in this place.
 E = Time spent auto-exploring this place.
 F = Levels seen in this place.
 G = Mean time per level.
                   A        B        C        D        E       F      G
               +--------+--------+--------+--------+--------+-----+--------+
         Total |    423 |    423 |      0 |      0 |    355 |   1 |  423.0 |
       Dungeon |    423 |    423 |      0 |      0 |    355 |   1 |  423.0 |
               +--------+--------+--------+--------+--------+-----+--------+

Top non-repeatable levels by time:
     D:1: 423 daAuts
